 Dungeon Crawl Stone Soup version 0.25-a0-774-g40ae2d4f90 (webtiles) character file.

Game seed: 10014036372617969698, levelgen mode: deterministic

1390 Maedhros the Sneak (level 8, 0/50 HPs)
             Began as an Octopode Artificer on Apr 14, 2020.
             Was a Priest of Cheibriados.
             Slain by a wight
             ... wielding a +2 dire flail
              (16 damage)
             ... on level 8 of the Dungeon.
             The game lasted 00:14:03 (2626 turns).

Maedhros the Sneak (Octopode Artificer)             Turns: 2626, Time: 00:14:04

Health: 0/50       AC:  4    Str: 19    XL:     8   Next: 68%
Magic:  12/12      EV: 14    Int: 20    God:    Cheibriados [***...]
Gold:   265        SH:  0    Dex: 21    Spells: 0/7 levels left

rFire    . . .     SeeInvis .     - Unarmed
rCold    . . .     Gourm    .   (no shield)
rNeg     . . .     Faith    .   (helmet restricted)
rPois    .         Spirit   .   y - amulet of regeneration
rElec    .         Reflect  .   h - +3 ring of protection
rCorr    .         Harm     .   t - +3 ring of slaying
MR       .....                  (no ring)
Stlth    +++++.....             (no ring)
HPRegen  0.56/turn              (no ring)
MPRegen  0.13/turn              (no ring)
                                (no ring)
                                (no ring)

@: lethally poisoned (0 -> 0), lightly drained, very slow
A: almost no armour, stealthy swim, amphibious, 8 rings, constrict 8, camouflage
1, gelatinous body 1
a: Bend Time, Temporal Distortion, Renounce Religion


You were on level 8 of the Dungeon.
You worshipped Cheibriados.
Cheibriados was most pleased with you.
You were hungry.

You visited 2 branches of the dungeon, and saw 9 of its levels.

You collected 265 gold pieces.

Inventory:

Hand Weapons
 w - a +0 hunting sling
Missiles
 u - 63 sling bullets
 v - 103 stones (quivered)
Jewellery
 h - a +3 ring of protection (left tentacle)
 t - a +3 ring of slaying (right tentacle)
 y - an amulet of regeneration (around mantle)
Wands
 b - a wand of flame (6)
 c - a wand of enslavement (10)
 d - a wand of random effects (12)
 k - a wand of iceblast (8)
 m - a wand of acid (3)
Scrolls
 a - a scroll of silence {unknown}
 e - a scroll of vulnerability {unknown}
 j - 5 scrolls of teleportation
 l - a scroll of random uselessness {unknown}
 n - a scroll of magic mapping {unknown}
 o - a scroll of enchant armour {unknown}
 s - 2 scrolls of remove curse {unknown}
 x - 2 scrolls of brand weapon {unknown}
 z - a scroll of amnesia {unknown}
Potions
 g - a potion of stabbing {unknown}
 i - 2 potions of magic
 p - 2 potions of brilliance
 q - a potion of resistance {unknown}
 r - 5 potions of curing
 A - a potion of invisibility {unknown}
 B - a potion of lignification {unknown}
Comestibles
 f - 10 rations


   Skills:
 + Level 2.1(1.9) Fighting
   Level 1.0(0.8) Short Blades
 + Level 2.7(2.6) Dodging
 + Level 7.0(6.8) Stealth
 * Level 6.8(6.6) Unarmed Combat
 + Level 1.7(1.5) Necromancy
 - Level 2.0(1.8) Translocations
 + Level 5.4(5.2) Evocations


You couldn't memorise any spells.
You knew the following spells:

 Your Spells              Type           Power        Failure   Level  Hunger
a - Animate Skeleton      Necr           N/A          11%         1    ##.....
b - Apportation           Tloc           #.....       10%         1    ##.....
c - Ozocubu's Armour      Chrm/Ice       #.......     50%         3    ####...
d - Shroud of Golubria    Chrm/Tloc      #.....       21%         2    ###....

Your spell library contained the following spells:

 Spells                   Type           Power        Failure   Level  Hunger
 Corona                   Hex            #......      19%         1    ##.....
 Infusion                 Chrm           #...         19%         1    ##.....
 Summon Small Mammal      Summ           #...         19%         1    ##.....
 Song of Slaying          Chrm           #.......     28%         2    ###....
 Spectral Weapon          Hex/Chrm       #.......     50%         3    ####...


Dungeon Overview and Level Annotations

Branches:
Dungeon (8/15)             Temple (1/1) D:4
   Lair: D:8-11

Altars:
Ashenzari
Cheibriados
Dithmenos
Elyvilon
Fedhas
Kikubaaqudgha
Makhleb
Sif Muna
Trog
Uskayaw
Wu Jian
Yredelemnul

Annotations:
D:8 3 runed translucent doors, BeastOfSaturn's ghost, novice CeBe


Innate Abilities, Weirdness & Mutations

You cannot wear most types of armour.
You are very stealthy in the water. (Stealth+)
You are amphibious.
You can wear up to eight rings at the same time.
You can use your tentacles to constrict eight enemies at once.
Your skin changes colour to match your surroundings (Stealth+).
Your rubbery body absorbs attacks. (AC +1, EV +1)


Message History

You feel drained.
You tentacle-slap the wight.
You destroy the wight!
Cheibriados appreciates the change of pace.
Unknown command.
You tentacle-slap the scorpion but do no damage.
You grab the scorpion. You squeeze the scorpion!
The scorpion is heavily wounded.
You constrict the scorpion. The scorpion stings you!
Unknown command.
You tentacle-slap the scorpion but do no damage.
The scorpion is heavily wounded.
You constrict the scorpion. The scorpion stings you.
You are poisoned.
The scorpion poisons you!
You tentacle-slap the wight but do no damage.
You grab the wight. You constrict the wight. You constrict the scorpion.
You feel sick.
The wight hits you with a +2 dire flail!
You die...

#..# #...#.>#.+..(..#
##.# #.....<..#(...(#
##.## #....#.#.#.....#
#...## ......#...#######
.....#########.#####.#...
......#.. ...<...........
.._...... #..#.........
......##. #....z.......
.....## # #..)@s.....#.
#...## #)########## ##.##
#.# #.# #.## #.# #.#
##..##.#.# #.# ....##.#.#
#.#### ###.##.#.# #.[..#
#.##.#.# ####.# #.##.#.#
..##.#


You could see a scorpion and a wight.

Vanquished Creatures
  A water moccasin (D:3)
  Blork the orc (D:6)
  An ice beast (D:6)
  A sky beast (D:6)
  2 ogres (D:4)
  A centaur (D:6)
  A bullfrog (D:6)
  A scorpion (D:6)
  2 killer bees (D:7)
  3 wights (D:8)
  A bullfrog zombie (D:6)
  A howler monkey (D:6)
  A hound (D:8)
  2 bullfrog skeletons
  2 orc priests
  Natasha (D:4)
  A worker ant (D:7)
  A howler monkey skeleton (D:6)
  7 adders
  An ooze (D:6)
  2 worms
  3 dart slugs
  4 leopard geckos
  12 orcs
  4 giant cockroaches
  4 goblins
  2 hobgoblins
  3 jackals (D:6)
  A quokka (D:6)
  2 bats
  6 frilled lizards
  A giant cockroach zombie (D:5)
  A jackal zombie (D:6)
  A kobold (D:3)
  3 rats
81 creatures vanquished.

Vanquished Creatures (collateral kills)
  A crimson imp (D:6)
  2 orcs (D:3)
  A rat (D:3)
4 creatures vanquished.

Grand Total: 85 creatures vanquished

Notes
Turn   | Place    | Note
-------+----------+-------------------------------------------
     0 | D:1      | Maedhros the Octopode Artificer began the quest for the
                  | Orb.
     0 | D:1      | Reached XP level 1. HP: 13/13 MP: 3/3
    96 | D:3      | Reached skill level 2 in Stealth
    96 | D:3      | Reached skill level 1 in Unarmed Combat
    96 | D:3      | Reached XP level 2. HP: 6/18 MP: 4/4
   145 | D:4      | Noticed an ogre
   149 | D:4      | Killed an ogre
   149 | D:4      | Reached skill level 3 in Stealth
   149 | D:4      | Reached XP level 3. HP: 12/23 MP: 5/5
   149 | D:4      | Reached XP level 4. HP: 15/28 MP: 6/6
   154 | D:4      | Found a staircase to the Ecumenical Temple.
   165 | Temple   | Entered the Ecumenical Temple
   171 | Temple   | Became a worshipper of Cheibriados the Contemplative
   224 | D:2      | Found a blossoming altar of Fedhas.
   365 | D:1      | You fall into a shaft and drop 1 floor!
   395 | D:2      | Reached XP level 5. HP: 21/33 MP: 7/7
   472 | D:2      | Reached skill level 4 in Stealth
   601 | D:2      | Reached * piety under Cheibriados
   917 | D:4      | Noticed an ogre
   921 | D:4      | Killed an ogre
   921 | D:4      | Reached XP level 6. HP: 38/38 MP: 8/8
   964 | D:4      | Noticed Natasha
   972 | D:4      | Killed Natasha
  1009 | D:3      | Found a burning altar of Makhleb.
  1020 | D:3      | Learned a level 1 spell: Animate Skeleton
  1022 | D:3      | Learned a level 1 spell: Apportation
  1121 | D:3      | Noticed a water moccasin
  1126 | D:3      | Killed a water moccasin
  1126 | D:3      | Reached skill level 5 in Stealth
  1126 | D:3      | Reached skill level 5 in Unarmed Combat
  1253 | D:5      | Entered Level 5 of the Dungeon
  1458 | D:6      | Reached XP level 7. HP: 43/43 MP: 8/10
  1524 | D:6      | Noticed Blork the orc
  1530 | D:6      | Reached ** piety under Cheibriados
  1553 | D:6      | Killed Blork the orc
  1553 | D:6      | Reached skill level 6 in Stealth
  1622 | D:6      | Reached skill level 5 in Evocations
  1699 | D:6      | Reached XP level 8. HP: 44/48 MP: 9/11
  1965 | D:7      | Reached skill level 1 in Translocations
  2028 | D:7      | Found an ornate altar of the Wu Jian Council.
  2034 | D:7      | Reached skill level 1 in Necromancy
  2054 | D:7      | Learned a level 3 spell: Ozocubu's Armour
  2057 | D:7      | Learned a level 2 spell: Shroud of Golubria
  2355 | D:6      | Reached *** piety under Cheibriados
  2429 | D:8      | Found a runed translucent gate.
  2429 | D:8      | Found a runed translucent gate.
  2430 | D:8      | Found a runed translucent gate.
  2431 | D:8      | Noticed BeastOfSaturn's ghost (novice CeBe)
  2540 | D:8      | Found a shattered altar of Ashenzari.
  2611 | D:8      | Reached skill level 7 in Stealth
  2626 | D:8      | Slain by a wight

Levels and vault maps discovered:
D:1:      sevenhm_arrival_forest_fort_large_3, layout_basic, hex_large
D:2:      layout_basic, first_ration, grunt_decor_fettered, fedhas_altar_1
D:3:      layout_basic, old_standard_altar, nrook_mini_vaults
D:4:      layout_layer_cave, minmay_temple_entry_stoned_glass, chequers_garden,
          uniq_natasha
D:5:      layout_rooms, biasface_ghost_orc_armoury
D:6:      layout_cave_pods, chequers_serial_rivers_small_a, uniq_blork_the_orc
D:7:      layout_loops_cross, nicolae_overflow_crystal_walls
D:8:      layout_basic, lemuel_round_altar, ebering_ghost_rock_garden,
          serial_shops, shop, uniq_maurice
Temple:   eino_narrow_crystal_temple

Skill      XL: |  1  2  3  4  5  6  7  8 |
---------------+-------------------------+-----
Stealth        | 2 3 4 5 6 7 |  7.0
Unarmed Combat | 1 3 4 5 6 |  6.8
Evocations     | 4 5 |  5.4
Translocations | 2 |  2.0
Necromancy     | 1 |  1.7
Fighting       | 2 |  2.1
Short Blades   | |  1.0
Dodging        | |  2.7

Action                   |  1- 3 |  4- 6 |  7- 9 || total
-------------------------+-------+-------+-------++-------
Melee: Short sword       |     8 |    69 |       ||    77
       Constrict         |     1 |    21 |    23 ||    45
       Tentacles         |       |    14 |    22 ||    36
       Punch             |       |     3 |     6 ||     9
       Hunting sling     |       |     2 |     4 ||     6
       Unarmed           |       |       |    71 ||    71
 Fire: Hunting sling     |       |     4 |    16 ||    20
 Cast: Apportation       |       |    12 |    22 ||    34
Evoke: Wand              |     2 |     9 |     9 ||    20
  Use: Scroll            |       |     4 |     2 ||     6
 Stab: Sleeping          |     1 |    12 |     5 ||    18
       Distracted        |       |     1 |       ||     1
  Eat: Chunk             |       |       |     4 ||     4
Armor: Skin              |     1 |     9 |     6 ||    16
Dodge: Dodged            |     4 |    30 |    37 ||    71

Table legend:
 A = Non-vault XP
 B = Vault XP
 C = Vault XP percentage of total XP
 D = Non-vault monster count
 E = Vault monster count
 F = Vault count percentage of total count
                 A         B        C        D         E       F
            +---------+---------+-------+---------+---------+-------
      Total |    1813 |     174 |   8.8 |      83 |       2 |   2.4
            +---------+---------+-------+---------+---------+-------
        D:1 |       9 |       0 |   0.0 |       5 |       0 |   0.0
        D:2 |      48 |       0 |   0.0 |      12 |       0 |   0.0
        D:3 |     235 |       0 |   0.0 |      17 |       0 |   0.0
        D:4 |     261 |      37 |  12.4 |       9 |       1 |  10.0
        D:5 |       4 |       0 |   0.0 |       2 |       0 |   0.0
        D:6 |     805 |     137 |  14.5 |      23 |       1 |   4.2
        D:7 |     199 |       0 |   0.0 |       5 |       0 |   0.0
        D:8 |     252 |       0 |   0.0 |      10 |       0 |   0.0
            +---------+---------+-------+---------+---------+-------
